NYP
VERMONT LAKE MONSTERS @ SPOKANE INDIANS
10/09/2045
 
TOP OF THE 1ST
University of Minnesota Golden Gophers batting - Pitching for Louisiana State University Tigers : RHP Ryan Van Riper
Pitching: RHP Ryan Van Riper
Batting: RHB Benjie Alejandro 0-0: Foul Ball, location: 2F
0-1: Swinging Strike
0-2: Strikes out swinging
Batting: RHB Doug Gagliardi 0-0: Called Strike
0-1: Called Strike
0-2: Ball
1-2: Ball
2-2: Strikes out looking
Batting: RHB Roberto Rios 0-0: Ball
1-0: Ball
2-0: Fly out, F9 (Flyball, 9LM, EV 90.0 MPH)
Top of the 1st over - 0 runs, 0 hits, 0 errors, 0 left on base; University of Minnesota 0 - Louisiana State University 0
BOTTOM OF THE 1ST
Louisiana State University Tigers batting - Pitching for University of Minnesota Golden Gophers : LHP Butch Ott
Pitching: LHP Butch Ott
Batting: SHB Emmet Brickowski 0-0: Called Strike
0-1: Ball
1-1: Fly out, F7 (Flyball, 7LM, EV 110.6 MPH)
Batting: RHB David Lobacz 0-0: Ball
1-0: Ball
2-0: Ball
3-0: Called Strike
3-1: Ground out 4-3 (Groundball, 4M, EV 95.6 MPH)
Batting: LHB Lourens Aukema 0-0: Called Strike
0-1: Foul Ball, location: 2F
0-2: Hit by Pitch
Batting: LHB Bob Govella 0-0: Ball
1-0: SINGLE (Groundball, 34S, EV 68.8 MPH) (infield hit)
Lourens Aukema to second
Batting: LHB Ângelo Schwn 0-0: Called Strike
0-1: Foul Ball, location: 2F
0-2: Ball
1-2: Ball
2-2: SINGLE (Flyball, 7S, EV 88.8 MPH)
Lourens Aukema to third
Bob Govella to second
Batting: SHB Fernando Solano 0-0: Foul Ball, location: 2F
0-1: Called Strike
0-2: Ground out 5-3 (Groundball, 56S, EV 86.9 MPH)
Bottom of the 1st over - 0 runs, 2 hits, 0 errors, 3 left on base; University of Minnesota 0 - Louisiana State University 0
TOP OF THE 2ND
University of Minnesota Golden Gophers batting - Pitching for Louisiana State University Tigers : RHP Ryan Van Riper
Batting: LHB Shohei Nishi 0-0: Fly out, F8 (Flyball, 8LD, EV 96.2 MPH)
Batting: RHB Rory Cobb 0-0: Called Strike
0-1: Foul Ball, location: 2F
0-2: Foul Ball, location: 2F
0-2: Foul Ball, location: 2F
0-2: Ball
1-2: Strikes out swinging
Batting: RHB Curtis Montgomery 0-0: Ball
1-0: Swinging Strike
1-1: Foul Ball, location: 2F
1-2: Ball
2-2: Foul Ball, location: 2F
2-2: Foul Ball, location: 2F
2-2: Strikes out swinging
Top of the 2nd over - 0 runs, 0 hits, 0 errors, 0 left on base; University of Minnesota 0 - Louisiana State University 0
BOTTOM OF THE 2ND
Louisiana State University Tigers batting - Pitching for University of Minnesota Golden Gophers : LHP Butch Ott
Batting: RHB Andy Jamison 0-0: Ball
1-0: Foul Ball, location: 2F
1-1: Called Strike
1-2: SINGLE (Groundball, 56D, EV 103.1 MPH) (infield hit)
Batting: LHB Dario Segura 0-0: Called Strike
0-1: Foul Ball, location: 2F
0-2: Ball
1-2: Fielders Choice at 2nd, 3-6 (Groundball, 34S, EV 88.8 MPH)
Batting: SHB Jose Melendez 0-0: Ball
1-0: Foul Ball, location: 2F
1-1: Foul Ball, location: 2F
1-2: Foul Ball, location: 2F
1-2: Foul Ball, location: 2F
1-2: Ball
2-2: Ball
3-2: Strikes out swinging
Batting: SHB Emmet Brickowski 0-0: Ground out 6-3 (Groundball, 6S, EV 65.6 MPH)
Bottom of the 2nd over - 0 runs, 1 hit, 0 errors, 1 left on base; University of Minnesota 0 - Louisiana State University 0
TOP OF THE 3RD
University of Minnesota Golden Gophers batting - Pitching for Louisiana State University Tigers : RHP Ryan Van Riper
Batting: RHB Fernando Sosa 0-0: Called Strike
0-1: Swinging Strike
0-2: Foul Ball, location: 2F
0-2: Strikes out looking
Batting: RHB Ramiro Vega 0-0: Called Strike
0-1: Ball
1-1: Foul Ball, location: 2F
1-2: Ball
2-2: Ball
3-2: Base on Balls
Batting: RHB Willie Camacho 0-0: Ball
Wild Pitch!
Ramiro Vega to second
1-0: Called Strike
1-1: Foul Ball, location: 2F
1-2: Strikes out swinging
Batting: RHB Benjie Alejandro 0-0: Called Strike
0-1: Ball
1-1: Swinging Strike
1-2: Ball
2-2: Foul Ball, location: 2F
2-2: Foul Ball, location: 2F
2-2: Ball
3-2: Strikes out swinging
Top of the 3rd over - 0 runs, 0 hits, 0 errors, 1 left on base; University of Minnesota 0 - Louisiana State University 0
BOTTOM OF THE 3RD
Louisiana State University Tigers batting - Pitching for University of Minnesota Golden Gophers : LHP Butch Ott
Batting: RHB David Lobacz 0-0: Ground out 2-3 (Groundball, 15S, EV 69.4 MPH)
Batting: LHB Lourens Aukema 0-0: Called Strike
0-1: SINGLE (Groundball, 56D, EV 95.0 MPH)
Batting: LHB Bob Govella 0-0: Foul Ball, location: 2F
0-1: Fielders Choice at 2nd, 6-4 (Groundball, 6, EV 90.6 MPH)
Batting: LHB Ângelo Schwn 0-0: SINGLE (Line Drive, 56D, EV 95.0 MPH)
Bob Govella to second
Batting: SHB Fernando Solano 0-0: Ball
1-0: Swinging Strike
1-1: Called Strike
1-2: Strikes out swinging
Bottom of the 3rd over - 0 runs, 2 hits, 0 errors, 2 left on base; University of Minnesota 0 - Louisiana State University 0
TOP OF THE 4TH
University of Minnesota Golden Gophers batting - Pitching for Louisiana State University Tigers : RHP Ryan Van Riper
Batting: RHB Doug Gagliardi 0-0: Ball
1-0: Swinging Strike
1-1: Ball
2-1: Swinging Strike
2-2: Strikes out looking
Batting: RHB Roberto Rios 0-0: Ball
1-0: DOUBLE (Groundball, 5L, EV 106.9 MPH)
Batting: LHB Shohei Nishi 0-0: Called Strike
0-1: Called Strike
0-2: Ball
1-2: Fly out, F8 (Line Drive, 8RM, EV 94.4 MPH)
Batting: RHB Rory Cobb 0-0: Ball
1-0: Ground out 4-3 (Groundball, 4, EV 108.1 MPH)
Top of the 4th over - 0 runs, 1 hit, 0 errors, 1 left on base; University of Minnesota 0 - Louisiana State University 0
BOTTOM OF THE 4TH
Louisiana State University Tigers batting - Pitching for University of Minnesota Golden Gophers : LHP Butch Ott
Batting: RHB Andy Jamison 0-0: Called Strike
0-1: Foul Ball, location: 2F
0-2: Ball
1-2: Strikes out swinging
Batting: LHB Dario Segura 0-0: Called Strike
0-1: Foul Ball, location: 2F
0-2: Foul Ball, location: 2F
0-2: Ball
1-2: Ball
2-2: Ground out 5-3 (Groundball, 56, EV 88.1 MPH)
Batting: SHB Jose Melendez 0-0: Called Strike
0-1: Foul Ball, location: 2F
0-2: Strikes out swinging
Bottom of the 4th over - 0 runs, 0 hits, 0 errors, 0 left on base; University of Minnesota 0 - Louisiana State University 0
TOP OF THE 5TH
University of Minnesota Golden Gophers batting - Pitching for Louisiana State University Tigers : RHP Ryan Van Riper
Pitching: RHP Trofim Nugaev
Batting: RHB Curtis Montgomery 0-0: Called Strike
0-1: Ball
1-1: Swinging Strike
1-2: Ball
2-2: Ball
3-2: Foul Ball, location: 2F
3-2: Ground out 4-3 (Groundball, 4M, EV 91.9 MPH)
Batting: RHB Fernando Sosa 0-0: Ground out 5-3 (Groundball, 5, EV 91.2 MPH)
Batting: RHB Ramiro Vega 0-0: Foul Ball, location: 2F
0-1: Ball
1-1: Foul Ball, location: 2F
1-2: Ground out 5-3 (Groundball, 56S, EV 83.8 MPH)
Top of the 5th over - 0 runs, 0 hits, 0 errors, 0 left on base; University of Minnesota 0 - Louisiana State University 0
BOTTOM OF THE 5TH
Louisiana State University Tigers batting - Pitching for University of Minnesota Golden Gophers : LHP Butch Ott
Pitching: RHP Keith Birely
Batting: SHB Emmet Brickowski 0-0: Ball
1-0: Called Strike
1-1: Ball
2-1: Ground out 3-1 (Groundball, 34S, EV 87.5 MPH)
Batting: RHB David Lobacz 0-0: SOLO HOME RUN (Flyball, 89XD, EV 110.6 MPH), Distance : 428 ft
Batting: LHB Lourens Aukema 0-0: Foul Ball, location: 2F
0-1: Swinging Strike
0-2: Ball
1-2: Strikes out swinging
Batting: LHB Bob Govella 0-0: Ball
1-0: Called Strike
1-1: Ball
2-1: SOLO HOME RUN (Flyball, 78XD, EV 108.8 MPH), Distance : 434 ft
Batting: LHB Ângelo Schwn 0-0: Ball
1-0: Called Strike
1-1: Called Strike
1-2: Strikes out looking
Bottom of the 5th over - 2 runs, 2 hits, 0 errors, 0 left on base; University of Minnesota 0 - Louisiana State University 2
TOP OF THE 6TH
University of Minnesota Golden Gophers batting - Pitching for Louisiana State University Tigers : RHP Trofim Nugaev
Batting: RHB Willie Camacho 0-0: Called Strike
0-1: Ball
1-1: Foul Ball, location: 2F
1-2: DOUBLE (Line Drive, 9LS, EV 105.0 MPH)
Pinch Hitting: RHB Alex Cardenas 0-0: Foul Ball, location: 2F
0-1: Ball
1-1: Ball
2-1: Fly out, F7 (Flyball, 7, EV 93.1 MPH)
Pinch Hitting: LHB Melvin Castillo 0-0: Ground out U3 (Groundball, 3S, EV 90.6 MPH)
Willie Camacho to third
Batting: RHB Roberto Rios 0-0: Swinging Strike
0-1: Called Strike
0-2: Ball
1-2: SINGLE (Groundball, 3S, EV 66.9 MPH) (infield hit)
Willie Camacho scores
Batting: LHB Shohei Nishi 0-0: Ball
1-0: Ball
2-0: Called Strike
2-1: Fly out, F8 (Flyball, 8RS, EV 85.6 MPH)
Top of the 6th over - 1 run, 2 hits, 0 errors, 1 left on base; University of Minnesota 1 - Louisiana State University 2
BOTTOM OF THE 6TH
Louisiana State University Tigers batting - Pitching for University of Minnesota Golden Gophers : RHP Keith Birely
Now at 2B: Rich Tarver
Now at 3B: Alex Cardenas
Batting: SHB Fernando Solano 0-0: Ball
1-0: Ball
2-0: Called Strike
2-1: Fly out, F9 (Flyball, 9, EV 86.2 MPH)
Batting: RHB Andy Jamison 0-0: Called Strike
0-1: Foul Ball, location: 2F
0-2: Ball
1-2: Ball
2-2: Foul Ball, location: 2F
2-2: Strikes out swinging
Batting: LHB Dario Segura 0-0: Ball
1-0: Swinging Strike
1-1: Swinging Strike
1-2: Ball
2-2: Strikes out swinging
Bottom of the 6th over - 0 runs, 0 hits, 0 errors, 0 left on base; University of Minnesota 1 - Louisiana State University 2
TOP OF THE 7TH
University of Minnesota Golden Gophers batting - Pitching for Louisiana State University Tigers : RHP Trofim Nugaev
Pitching: RHP Jitrendra Nerurkar
Pinch Hitting: RHB Jorge Martinez 0-0: Called Strike
0-1: Fly out, F7 (Line Drive, 7, EV 90.0 MPH)
Batting: RHB Alex Padilla 0-0: Ball
1-0: Fly out, F8 (Line Drive, 8RM, EV 98.8 MPH)
Pinch Hitting: RHB Miguel Sanchez 0-0: Ball
1-0: Swinging Strike
1-1: Foul Ball, location: 2F
1-2: Strikes out swinging
Top of the 7th over - 0 runs, 0 hits, 0 errors, 0 left on base; University of Minnesota 1 - Louisiana State University 2
BOTTOM OF THE 7TH
Louisiana State University Tigers batting - Pitching for University of Minnesota Golden Gophers : RHP Keith Birely
Pitching: LHP Todd Rossini
Now at SS: Jesus Duran
Now in CF: Jorge Martinez
Batting: SHB Jose Melendez 0-0: Called Strike
0-1: Ball
1-1: Foul Ball, location: 2F
1-2: Ball
2-2: Foul Ball, location: 2F
2-2: Ball
3-2: Base on Balls
Pinch Hitting: RHB Edgar Cuesta 0-0: Ball
1-0: Sac Bunt to 13 - play at first, batter OUT! 1-4
Jose Melendez to second
Pinch Hitting: RHB Warren Carmichael 0-0: Intentional Walk
Pinch Hitting: LHB Garrett Moreau 0-0: Foul Ball, location: 2F
0-1: Fielders Choice at 2nd, 3-6 (Groundball, 3, EV 83.8 MPH)
Jose Melendez to third
Pinch Hitting: RHB Dennis Cox 0-0: Ball
1-0: Ball
2-0: Ball
3-0: Called Strike
3-1: Foul Ball, location: 2F
3-2: Base on Balls
Garrett Moreau to second
Pinch Hitting: SHB Eric Pendergast 0-0: Called Strike
0-1: Ball
1-1: SINGLE (Groundball, 56D, EV 98.1 MPH)
Jose Melendez scores
Garrett Moreau to third
Dennis Cox to second
Runner from 3rd tries for Home, SAFE, throw by LF to home
Batting: SHB Fernando Solano 0-0: Called Strike
0-1: Swinging Strike
0-2: Strikes out looking
Bottom of the 7th over - 2 runs, 1 hit, 0 errors, 2 left on base; University of Minnesota 1 - Louisiana State University 4
TOP OF THE 8TH
University of Minnesota Golden Gophers batting - Pitching for Louisiana State University Tigers : RHP Jitrendra Nerurkar
Now at 1B: Warren Carmichael
Now at 2B: Richard Saquic
Now at 3B: Flynn Robinson
Now in LF: Francisco Ruiz
Now in RF: Bill Crogan
Pinch Hitting: RHB Nelson Calderon 0-0: Ball
1-0: DOUBLE (Flyball, 7D, EV 97.5 MPH)
Batting: RHB Willie Camacho 0-0: Ball
1-0: Ground out 4-3 (Groundball, 4, EV 87.5 MPH)
Nelson Calderon to third
Batting: RHB Alex Cardenas 0-0: Ball
1-0: Called Strike
1-1: Ball
2-1: Swinging Strike
2-2: Strikes out swinging
Batting: RHB Rich Tarver 0-0: Called Strike
0-1: Ball
1-1: Ball
2-1: Foul Ball, location: 2F
2-2: Strikes out swinging
Top of the 8th over - 0 runs, 1 hit, 0 errors, 1 left on base; University of Minnesota 1 - Louisiana State University 4
BOTTOM OF THE 8TH
Louisiana State University Tigers batting - Pitching for University of Minnesota Golden Gophers : LHP Todd Rossini
Now at 1B: David Gomez
Batting: RHB Andy Jamison 0-0: Ball
1-0: Ball
2-0: Ball
3-0: Base on Balls
Batting: SHB John Pullen 0-0: Bunt missed!
0-1: Ball
Andy Jamison steals 2nd base
1-1: Intentional Walk
Batting: SHB Jose Melendez 0-0: Bunted foul
0-1: Bunt missed!
0-2: Fielders Choice at 2nd, 4-6 (Groundball, 4M, EV 83.1 MPH)
Andy Jamison to third
Batting: RHB Richard Saquic 0-0: Ball
1-0: Ball
2-0: Ball
3-0: Base on Balls
Jose Melendez to second
Batting: RHB Warren Carmichael 0-0: Ball
1-0: SINGLE (Groundball, 34, EV 95.6 MPH)
Andy Jamison scores
Jose Melendez to third
Richard Saquic to second
Runner from 3rd tries for Home, SAFE, throw by RF to home
Pitching: RHP Nick Calderon
Batting: RHB Bill Crogan 0-0: Ball
1-0: Ball
2-0: Fly out, F8 (Flyball, 8RS, EV 88.1 MPH)
Batting: LHB Flynn Robinson 0-0: Called Strike
0-1: Ball
1-1: Called Strike
1-2: Ball
2-2: Strikes out looking
Bottom of the 8th over - 2 runs, 1 hit, 0 errors, 2 left on base; University of Minnesota 1 - Louisiana State University 6
TOP OF THE 9TH
University of Minnesota Golden Gophers batting - Pitching for Louisiana State University Tigers : RHP Jitrendra Nerurkar
Pinch Hitting: RHB Matt Dowell 0-0: Swinging Strike
0-1: Foul Ball, location: 2F
0-2: Foul Ball, location: 2F
0-2: Ball
1-2: Strikes out swinging
Pinch Hitting: RHB Rafael Porter 0-0: Ball
1-0: Ball
2-0: Called Strike
2-1: Called Strike
2-2: Foul Ball, location: 2F
2-2: Foul Ball, location: 2F
2-2: Strikes out swinging
Batting: RHB Jorge Martinez 0-0: Ball
1-0: Ball
2-0: Ball
3-0: Called Strike
3-1: Ground out 1-3 (Groundball, 13S, EV 67.5 MPH)
Top of the 9th over - 0 runs, 0 hits, 0 errors, 0 left on base; University of Minnesota 1 - Louisiana State University 6
Wednesday, June 22nd , 2022 - OOTP Baseball 23.4 Build 64